 Dungeon Crawl Stone Soup version 0.29-a0-40-g8eb35efe60 (webtiles) character file.

Game seed: 10782166258059775812

1211 crazypyro the Cleaver (level 8, -5/68 HPs)
             Began as a Minotaur Fighter on Feb 1, 2022.
             Slain by Duvessa (13 damage)
             ... on level 5 of the Dungeon.
             The game lasted 00:04:01 (3607 turns).

crazypyro the Cleaver (Minotaur Fighter)            Turns: 3607, Time: 00:04:02

Health: -5/68      AC:  7    Str: 24    XL:     8   Next: 22%
Magic:  7/7        EV:  9    Int:  5    God:
Gold:   200        SH:  4    Dex:  9    Spells: 7/7 levels left

rFire   . . .      SeeInvis .   a - +0 war axe
rCold   . . .      Faith    .   c - +0 buckler
rNeg    . . .      Spirit   .   b - +0 scale mail
rPois   .          Reflect  .   p - +0 hat
rElec   .          Harm     .   (no cloak)
rCorr   .          Rampage  .   (no gloves)
Will    .....                   (no boots)
Stlth   ..........              (no amulet)
HPRegen 0.21/turn               (no ring)
MPRegen 0.10/turn               (no ring)

@: no status effects
A: horns 2, retaliatory headbutt
a: no special abilities


You were on level 5 of the Dungeon.
You visited 1 branch of the dungeon, and saw 5 of its levels.

You collected 255 gold pieces.
You spent 55 gold pieces at shops.

Inventory:

Hand Weapons
 a - a +0 war axe (weapon)
 n - a +1 antimagic hand axe
Armour
 b - a +0 scale mail (worn)
 c - a +0 buckler (worn)
 p - a +0 hat (worn)
Scrolls
 f - a scroll of enchant weapon {unknown}
 i - 3 scrolls of teleportation {unknown}
 l - 2 scrolls of immolation {unknown}
 q - a scroll of identify
 r - a scroll of brand weapon {unknown}
 s - a scroll of vulnerability {unknown}
 t - a scroll of magic mapping
 u - a scroll of fog {unknown}
 v - a scroll of amnesia {unknown}
Potions
 d - 2 potions of might
 e - a potion of brilliance
 g - a potion of resistance {unknown}
 h - a potion of cancellation {unknown}
 j - a potion of berserk rage {unknown}
 k - a potion of lignification {unknown}
 m - a potion of heal wounds
 o - a potion of flight {unknown}


   Skills:
 - Level 5.3 Fighting
 * Level 11.1 Axes
 - Level 4.0 Armour
 - Level 4.0 Shields


You had 7 spell levels left.
You didn't know any spells.
Your spell library contained the following spells:

 Spells                   Type           Power      Damage    Failure   Level
 Magic Dart               Conj           0%         1d3       86%         1
 Sandblast                Erth           0%         2d4       86%         1
 Passwall                 Tmut/Erth      0%         N/A       94%         2
 Searing Ray              Conj           0%         2d4       94%         2
 Stone Arrow              Conj/Erth      0%         3d7       99%         3
 Fulminant Prism          Conj/Hex       0%         3d6       100%        4


Dungeon Overview and Level Annotations

Branches:
Dungeon (5/15)
 Temple: D:4-7

Altars:
Fedhas
Trog

Shops:
D:2 !   D:4 *   D:5 !

Annotations:
D:5 Duvessa


Innate Abilities, Weirdness & Mutations

You have a pair of horns on your head.
You reflexively headbutt those who attack you in melee.


Message History

Dowan gestures at you while chanting. The puff of frost hits you.
You closely miss Dowan.
Dowan is heavily wounded.
You barely miss the orc. You block Dowan's attack.
The orc hits you but does no damage.
You completely miss Dowan. You headbutt Dowan.
Dowan is severely wounded.
You slash the orc!
You kill the orc!
Dowan points at you and mumbles some strange words.
The puff of flame hits you.
You barely miss Dowan.
Dowan is severely wounded.
Dowan hits you but does no damage.
You hit Dowan.
Dowan is almost dead.
You closely miss Duvessa. Dowan hits you with a +0 dagger.
Duvessa hits you with a +5 short sword!
You are too injured to fight recklessly!
You are too injured to fight recklessly!
You are too injured to fight recklessly!
You slash Duvessa! You headbutt Duvessa!
Duvessa is heavily wounded.
You miss Dowan. Dowan hits you but does no damage.
Duvessa hits you with a +5 short sword.
You hit Duvessa. Your headbutt misses Duvessa.
Duvessa is heavily wounded.
You slash Dowan!
You kill Dowan!
Duvessa screams, "No!
How DARE you!"
Duvessa goes berserk!
Duvessa hits you with a +5 short sword!
* * * LOW HITPOINT WARNING * * *
Your Axes skill increases to level 11!
You barely miss Duvessa.
Duvessa is heavily wounded.
Duvessa hits you with a +5 short sword!
* * * LOW HITPOINT WARNING * * *
Duvessa hits you with a +5 short sword!
You die...

.....#.##..###
............... ....#
.##............ ....
..##........... #...
.......##...... ...
#...........##.##..
#.........# #....
.........######)e#
..#......#.##.##@#
..##....##.......#
#.####............# ###
##............... #
#......###........ #
........#.......... #
##.###...............
....##................
#....###.......##......


You could see Duvessa (berserk).

Vanquished Creatures
  Edmund (D:4)
  A black bear (D:4)
  An orc warrior (D:5)
  An ice beast (D:5)
  A necrophage (D:5)
  An ogre (D:4)
  A kobold brigand (D:5)
  A scorpion (D:4)
  Dowan (D:5)
  A howler monkey (D:5)
  A hound (D:5)
  An orc priest (D:5)
  A bullfrog skeleton (D:4)
  Natasha (thrice) (D:3)
  An iguana (D:4)
  An orc wizard (D:3)
  A hound skeleton (D:4)
  4 gnolls (D:2)
  6 adders
  4 worms
  A dart slug (D:4)
  15 orcs
  10 ball pythons
  7 endoplasms
  4 giant cockroaches
  14 goblins
  9 hobgoblins
  3 jackals (D:1)
  11 kobolds
  4 quokkas
  2 bats (D:2)
  2 frilled lizards
  A rat (D:1)
116 creatures vanquished.

Vanquished Creatures (others)
  5 plants (D:2)
5 creatures vanquished.

Grand Total: 121 creatures vanquished

Notes
Turn   | Place    | Note
-------+----------+-------------------------------------------
     0 | D:1      | crazypyro the Minotaur Fighter began the quest for the Orb.
     0 | D:1      | Reached XP level 1. HP: 19/19 MP: 0/0
   197 | D:1      | Reached XP level 2. HP: 27/27 MP: 1/1
   693 | D:2      | Found a faded altar of an unknown god.
   734 | D:2      | Reached skill level 3 in Axes
   799 | D:2      | Reached XP level 3. HP: 33/33 MP: 2/2
   848 | D:2      | Found a blossoming altar of Fedhas.
  1003 | D:2      | Reached skill level 4 in Axes
  1003 | D:2      | Reached XP level 4. HP: 15/41 MP: 3/3
  1214 | D:2      | Found Digg's Distillery.
  1219 | D:2      | Bought a potion of heal wounds for 55 gold pieces
  1508 | D:3      | Noticed Natasha
  1515 | D:3      | Killed Natasha
  1519 | D:3      | Reached XP level 5. HP: 31/47 MP: 4/4
  1524 | D:3      | Noticed Natasha
  1533 | D:3      | Killed Natasha
  1534 | D:3      | Reached skill level 5 in Fighting
  1534 | D:3      | Reached skill level 5 in Axes
  1618 | D:3      | Noticed Natasha
  1627 | D:3      | Killed Natasha
  2057 | D:3      | Reached skill level 6 in Axes
  2349 | D:4      | Reached XP level 6. HP: 54/56 MP: 5/5
  2594 | D:4      | Noticed Edmund
  2609 | D:4      | Killed Edmund
  2610 | D:4      | Reached skill level 7 in Axes
  2759 | D:4      | Reached skill level 8 in Axes
  2759 | D:4      | Reached XP level 7. HP: 45/61 MP: 6/6
  2853 | D:4      | Found Peoseis's CLEARANCE SALE!.
  3180 | D:5      | Entered Level 5 of the Dungeon
  3186 | D:5      | Reached skill level 9 in Axes
  3401 | D:5      | Reached skill level 10 in Axes
  3445 | D:5      | Found Utaraag's Distillery.
  3453 | D:5      | Found a bloodstained altar of Trog.
  3476 | D:5      | Reached XP level 8. HP: 68/68 MP: 7/7
  3592 | D:5      | Noticed Dowan
  3596 | D:5      | Noticed Duvessa
  3606 | D:5      | Killed Dowan
  3607 | D:5      | Reached skill level 11 in Axes
  3607 | D:5      | Slain by Duvessa

Illustrated notes

Levels and vault maps discovered:
D:1:      zaba_arrival_water, layout_loops_ring, minmay_pentomino_o2
D:2:      layout_loops_cross, shapermc_ecumenical_altar_ellora, serial_shops,
          shop_statue, basic_altar, nicolae_grassy_gnolls
D:3:      kennysheep_the_goblin_king, layout_rooms, kennysheep_generic_room_3,
          uniq_natasha
D:4:      layout_loops_ring, st_stairs_1, nicolae_shop_clearance, uniq_edmund
D:5:      layout_cave_pools, mainiacjoe_overflow_tiny_flanked, serial_shops,
          shop, minmay_liquid_box, uniq_duvessa

Skill      XL: |  1  2  3  4  5  6  7  8 |
---------------+-------------------------+-----
Fighting       | 4 5 |  5.3
Armour         | 4 |  4.0
Shields        | 4 |  4.0
Axes           | 3 4 6 8 10 11 | 11.1

Action                   |  1- 3 |  4- 6 |  7- 9 || total
-------------------------+-------+-------+-------++-------
Melee: War axe           |    67 |   117 |    66 ||   250
       Headbutt          |     8 |    17 |    10 ||    35
  Use: Scroll            |     3 |       |       ||     3
       Potion            |       |     2 |       ||     2
Armor: Scale mail        |    35 |    46 |    31 ||   112
Dodge: Dodged            |    25 |    52 |    25 ||   102
Block: Buckler           |    21 |    28 |    12 ||    61

Table legend: (Time is in decaauts)
 A = Elapsed time spent in this place.
 B = Non-inter-level travel time spent in this place.
 C = Inter-level travel time spent in this place.
 D = Time resting spent in this place.
 E = Time spent auto-exploring this place.
 F = Levels seen in this place.
 G = Mean time per level.
                   A        B        C        D        E       F      G
               +--------+--------+--------+--------+--------+-----+--------+
         Total |   3679 |   3609 |     70 |      0 |   2977 |   5 |  735.8 |
       Dungeon |   3679 |   3609 |     70 |      0 |   2977 |   5 |  735.8 |
               +--------+--------+--------+--------+--------+-----+--------+

Top non-repeatable levels by time:
     D:3: 862 daAuts
     D:4: 854 daAuts
     D:2: 854 daAuts
     D:1: 678 daAuts
     D:5: 429 daAuts
